[Event "European Women-ch 2023"]
[Site "Petrovac"]
[Date "2023.03.23"]
[Round "6.3"]
[White "Calzetta Ruiz, Monica"]
[Black "Vidic, Teja"]
[Result "1/2-1/2"]
[ECO "C76"]
[WhiteElo "2185"]
[BlackElo "2097"]
[Annotator "TA"]
[PlyCount "114"]
[EventDate "2023.03.15"]
[EventType "swiss"]
[EventCountry "MNE"]
[SourceTitle "playchess.com"]
[Source "ChessBase"]
[SourceQuality "1"]
[TimeControl "40/5400+30:1800+30"]

1. e4 e5 2. Nf3 Nc6 3. Bb5 a6 4. Ba4 d6 5. O-O Bd7 6. c3 g6 7. d4 Bg7 8. Be3 Nf6 9. Nbd2 {[%emt 0:07:51] C76: Ruy Lopez: Deferred Steinitz: 5 c3 Bd7 6 d4 g6.} Ng4 10. Bg5 f6 11. Bh4 {[%emt 0:00:07] [#] White is slightly better.} O-O $146 ({Predecessor:} 11... Qe7 12. b4 h5 13. Bg3 O-O 14. Re1 Nh6 15. Nf1 g5 16. Bb3+ Kh7 17. dxe5 Nxe5 18. Bxe5 fxe5 {½-½ Yu,Y (2751)-Mamedyarov,S (2799) Huaian IMSA Basque 2nd rapid 2017 (3.2)}) 12. h3 Nh6 13. Bxc6 Bxc6 14. dxe5 g5 (14... dxe5 $14 15. Nxe5 {[%mdl 64] Pin} Bb5) 15. exf6 $1 $16 Bxf6 {[%emt 0:00:07] [#]} 16. Bg3 Nf7 17. Nd4 Bd7 {[%emt 0:00:22] Inhibits Ne6.} 18. Nc4 Re8 19. f3 b5 20. Ne3 Rb8 21. Re1 a5 22. a3 b4 23. axb4 axb4 24. Nd5 {[%emt 0:03:29] And now Ra7 would win.} Bh8 25. Ra7 (25. cxb4 c6 $16) (25. Nxb4 Bxd4+ 26. Qxd4 c5 $15) 25... c6 26. Ne3 {[%emt 0:00:47] Excellent horsemanship.} (26. Nxb4 Bxd4+ 27. Qxd4 c5 $11) 26... bxc3 27. bxc3 c5 (27... Ra8 $142 28. Rb7 Rb8) 28. Ndf5 $18 Bxc3 29. Nd5 Bxf5 (29... Bxe1 $2 30. Rxd7 Bxg3 31. Rxd8 Rexd8 32. Nxg3 $18) 30. Nxc3 Be6 31. Nd5 {[%emt 0:00:41] White has more active pieces.} Kf8 $2 (31... Bxd5 $16 32. Qxd5 Qf6) 32. Qd2 h5 (32... Bxd5 $142 33. Qxd5 Re7) 33. Rea1 ({Inferior is} 33. Qc3 h4 34. Nf6 hxg3 $11) 33... Bxd5 (33... h4 {is a better defense.}) 34. Qxd5 Re7 (34... Qf6 $142 35. Rxf7+ {[%mdl 64] Remove Defender} Qxf7) 35. Ra8 {[%emt 0:04:00] Strongly threatening Rxb8.} Kg7 36. Rxb8 (36. Be1 $18 {Hoping for Bc3+.} Re5 37. Rxb8 Qxb8 38. Bc3 {[%mdl 64] Pin}) 36... Qxb8 $16 37. Qxc5 Qb2 {[%emt 0:01:12] Prevents Qd4+.} 38. Qc1 (38. Bxd6 $2 {perishes.} Qxa1+ 39. Kh2 Rb7 $19) 38... Qb6+ (38... Qxc1+ $16 39. Rxc1 h4) 39. Bf2 $18 Qb5 40. Bd4+ Kh7 $2 (40... Kg6 41. Qc2 Qb4) 41. Qc8 {[%emt 0:11:55] Threatening mate with Qf8.} Re8 {[%emt 0:05:46] Inhibits Qf8.} 42. Qc7 Kg6 43. Ra7 Qb3 44. Kh2 {[%emt 0:03:55][%cal Oh3h4] Black must now prevent h4!} g4 $2 (44... h4 45. Qd7 Qe6) 45. Rb7 Qe6 46. f4 {[%emt 0:00:48][%cal Bf3f4,Bf4f5][%mdl 32] Black is weak on the dark squares} g3+ 47. Kxg3 {[%emt 0:02:30] f5+ would kill now.} Rg8 48. Kf3 Qa2 49. f5+ Kh6 50. Be3+ (50. Qxf7 $2 Qxg2+ 51. Ke3 Rg3+ 52. Kf4 Rf3#) 50... Rg5 51. Bxg5+ (51. Qxf7 $2 {leads to mate.} Qxg2+ 52. Kf4 Qg3#) 51... Nxg5+ {[%emt 0:00:05] KQR-KQN} 52. Kg3 $2 (52. Ke3 {mates} Nf7 53. Qxf7 Qa3+ 54. Ke2 Kg5 55. g3 Qxg3 56. Qe7+ Kf4 57. Qxd6+ Kxe4 58. Re7+ Kxf5 59. Qxg3 Kf6 60. Qg7+ Kf5 61. Re5+ {[%mdl 64] Skewer} Kf4 62. Qg5#) 52... h4+ $1 $11 {[%emt 0:01:33][%mdl 64] [#] Decoy. The position is equal.} 53. Kxh4 Qf2+ 54. g3 Nf3+ 55. Kg4 Ne5+ 56. Kh4 Nf3+ 57. Kg4 Ne5+ {[%emt 0:00:05] Black escapes into a draw. An exciting game.   Weighted Error Value: White=0.52/Black=0.46} 1/2-1/2

[Event "European Women-ch 2023"]
[Site "Petrovac"]
[Date "2023.03.23"]
[Round "6.4"]
[White "Socko, Monika"]
[Black "Beydullayeva, Govhar"]
[Result "1-0"]
[ECO "E32"]
[WhiteElo "2432"]
[BlackElo "2388"]
[Annotator "TA"]
[PlyCount "81"]
[EventDate "2023.03.15"]
[EventType "swiss"]
[EventCountry "MNE"]
[SourceTitle "playchess.com"]
[Source "ChessBase"]
[SourceQuality "1"]
[TimeControl "40/5400+30:1800+30"]

1. d4 Nf6 2. c4 e6 3. Nc3 Bb4 4. Qc2 O-O 5. e4 d6 6. e5 (6. a3 $5 Bxc3+ 7. bxc3 $11) 6... Nfd7 7. exd6 cxd6 8. Bd3 Nc6 {[%emt 0:04:09] White is slightly better.} 9. Nge2 ({Reject} 9. Bxh7+ Kh8 $11) (9. Nf3 $5 ) 9... h6 10. O-O e5 11. a3 Ba5 12. d5 Ne7 13. b4 Bb6 14. Ng3 Bd4 {[%emt 0:01:49] Black is weak on the light squares} 15. Bd2 Nb6 (15... a6 $14) 16. Nge2 (16. Rac1 $142) 16... Bxc3 17. Nxc3 f5 18. f4 e4 19. Be2 Bd7 20. Qa2 Be8 21. Be3 Bf7 22. Rac1 Nd7 23. Nb5 Nf6 24. Qd2 {[%emt 0:02:05] White is much more active. The black rooks are badly placed.} ({Don't play} 24. Nxa7 Rxa7 25. Bxa7 b6 $14) 24... a6 25. Nc3 Kh8 {[%emt 0:01:27] White stays focused until the end.} ({Better is} 25... b5 $1 $14) 26. Rfd1 Rc8 27. Bd4 Bg8 28. a4 Ng6 29. a5 Ng4 (29... Ne7 {was necessary.} 30. Kh1 Qe8) 30. Bxg4 {[%emt 0:00:31][%mdl 64] Deflection} fxg4 31. Nxe4 {[%emt 0:00:10][%cal Of4f5] And now f5! would win.} Rxf4 (31... Ne7 32. c5 dxc5) 32. g3 $18 Qe7 33. Re1 ({Weaker is} 33. gxf4 Qxe4 34. Rf1 Qf5 $18) 33... Rcf8 34. gxf4 Nh4 35. Rc3 Nf3+ {[%emt 0:01:19] [#]} 36. Rxf3 $1 gxf3 {[%emt 0:00:02] [#]} 37. Ng5 $1 Qc7 (37... Qd7 38. Ne6) 38. Ne6 Bxe6 39. dxe6 Qxc4 40. Kf2 {[%emt 0:00:00] aiming for Rg1.} Re8 41. f5 {[%emt 0:04:01] Weighted Error Value: White=0.10 (very precise) /Black=0.58} 1-0

[Event "European Women-ch 2023"]
[Site "Petrovac"]
[Date "2023.03.23"]
[Round "6.4"]
[White "Zawadzka, Jolanta"]
[Black "Rudzinska, Michalina"]
[Result "0-1"]
[ECO "B12"]
[WhiteElo "2391"]
[BlackElo "2212"]
[Annotator "TA"]
[PlyCount "140"]
[EventDate "2023.03.15"]
[EventType "swiss"]
[EventCountry "MNE"]
[SourceTitle "playchess.com"]
[Source "ChessBase"]
[SourceQuality "1"]
[TimeControl "40/5400+30:1800+30"]

1. e4 c6 2. d4 d5 3. e5 Bf5 4. h4 h6 5. g4 Be4 6. f3 Bh7 7. Bd3 Bxd3 8. Qxd3 {[%emt 0:00:07][%cal Oe5e6] White wants to play e6!} e6 {[%emt 0:00:23] The position is equal.} 9. h5 c5 10. c3 Nc6 11. Ne2 Rc8 12. a3 Qb6 (12... c4 $5 13. Qc2 Na5 $11) 13. Nd2 cxd4 14. cxd4 Na5 15. b3 Ne7 16. Kf2 Nec6 17. f4 Be7 18. Rb1 f6 $2 (18... O-O $14) 19. b4 $18 Nc4 20. Nxc4 dxc4 21. Qg6+ (21. Qxc4 Kd7 $16) 21... Kf8 22. Be3 Qc7 23. Nc3 Qd7 24. Rbd1 Bd8 25. d5 Ne7 26. Qe4 (26. dxe6 Qxe6 27. Qe4 (27. Bc5 Bb6 $16) 27... fxe5 28. fxe5 (28. Qxb7 Qxg4 29. Qf3 Qxf3+ 30. Kxf3 exf4 $14) 28... Bc7 $18) 26... Nxd5 (26... fxe5 27. fxe5 exd5 28. Nxd5 Qe6) 27. Nxd5 exd5 28. Rxd5 (28. Qxd5 Qxd5 29. Rxd5 fxe5 $16) 28... Qxg4 29. Bc5+ (29. Bxa7 b6 $16) 29... Kg8 30. Qxc4 $2 (30. Rg1 Qh4+ 31. Rg3) 30... Kh7 31. exf6 (31. Qe4+ $16 f5 32. Qf3) 31... Bxf6 $2 (31... Re8 $11 32. Qd3+ Kg8) 32. Qe4+ Kg8 {[%emt 0:00:38][%cal Of6g5] [#]} 33. Rd3 $2 (33. Bxa7 Kf7 $11) ({Only move:} 33. Rg1 $1 $18 Qh3 34. Bxa7) 33... b6 $1 $11 34. Rg1 Qxh5 (34... Qh4+ 35. Rdg3 Rd8 36. Qe6+ (36. Qc4+ Kh7 $18) 36... Kh7 37. Qe4+ Kg8 38. Qe6+ (38. Qc4+ Kh7 $18) 38... Kh7 39. Qf5+ Kg8 40. Be3 $18 (40. Qe6+ Kh7 $11)) 35. Qe6+ Kh7 {[%emt 0:00:05] The board is on fire.} 36. Qe4+ Kg8 $1 37. Be3 (37. Qe6+ $11 {keeps the balance.} Kh7 38. Qe4+ Kg8) 37... Re8 $36 {[%emt 0:07:59][%mdl 2048] Black is really pushing.} 38. Qc4+ $2 {[%emt 0:00:16] [#]} (38. Qf3 $17 Qf7 39. Qd5) 38... Kh7 $1 $19 {[%emt 0:00:23] ...Bh4+ would be deadly.} 39. Rg2 $2 (39. Qc2 Qf5 40. Rc3) 39... Qh4+ (39... Qh1 $142 {And now ...Bh4+ would win.} 40. Kf3 Bh4) 40. Kg1 $2 (40. Kf1 {is a better defense.} Rhf8 41. Bf2 Qh1+ 42. Rg1) 40... Qe1+ 41. Kh2 Rhf8 $2 (41... Rxe3 42. Rxe3 Qxe3 43. Qc2+ Kg8 44. Qc4+ Kf8) 42. Bd2 Qf1 {[%emt 0:03:30] Threatens to win with ...Re2.} 43. Qd5 Re2 44. Rdg3 (44. Rxe2 $142 Qxe2+ 45. Kg1) 44... Rd8 ({Don't go for} 44... Kh8 $2 45. Qf3 Rxg2+ 46. Qxg2 $19) 45. Qf5+ Kh8 46. Rxe2 Qxe2+ 47. Rg2 Qd1 48. Qg6 Qb3 ({Worse is} 48... Rxd2 49. Qe8+ Kh7 50. Qe4+ Kh8 51. Qe8+ Kh7 52. Qe4+ Kh8 53. Qe8+ $11) 49. Re2 Qd5 50. Re8+ Rxe8 51. Qxe8+ {[%emt 0:00:04][%mdl 4096] Endgame KQB-KQB} Kh7 52. Qe3 Bd4 53. Qd3+ Kh8 {[%emt 0:00:48][%cal Od4g1] Black is more active.} 54. Qe2 (54. Be3 $17 Qh5+ 55. Kg3) 54... Qf5 55. Bc1 b5 56. Bd2 $2 (56. Kg3 {might work better.}) 56... Qc2 {[%emt 0:00:57] Hoping for ...Bc3.} 57. Kg3 Kh7 (57... a6 $19 {aiming for ...Kh7.} 58. Kf3 Qc6+ 59. Kg4 Qg6+ 60. Kh3 Qc2 61. Qe8+ Kh7) 58. Kf3 (58. Qxb5 $17 a6 59. Qd5 Qd3+ 60. Kg4) 58... Bb2 59. Qe3 {[%emt 0:01:09] [#]} Bxa3 $1 {[%emt 0:05:09][%mdl 576] Deflection} 60. Bc3 Bc1 61. Qd4 (61. Qe5 {was the only defense.} Qd3+ 62. Kf2) 61... Qg6 62. Qe5 $2 (62. Bd2 {was necessary.} Bxd2 63. Qxd2) 62... h5 63. Kf2 h4 64. f5 Qg5 65. Ke2 (65. Bd4 $19) 65... Qg4+ 66. Kf2 Bf4 (66... h3 $142 67. Qg3 Be3+ {[%mdl 64] Deflection, Promotion} 68. Qxe3 Qg2+ 69. Ke1 h2 70. Kd1 h1=Q+ 71. Qe1 Qh5+ 72. Kc1 Qa2 73. f6 Qa3+ 74. Bb2 Qg5+ 75. Qd2 Qxb2+ {[%mdl 64] Deflection} 76. Kxb2 Qxd2+ 77. Ka3 gxf6 78. Kb3 f5 79. Ka3 f4 80. Kb3 f3 81. Ka3 f2 82. Kb3 f1=Q 83. Ka3 Qh3#) 67. Qe6 h3 {[%emt 0:00:25] Black mates.} 68. Bd4 h2 69. Qc6 Qg1+ {[%emt 0:00:21][%mdl 64] Skewer} 70. Ke2 h1=Q {[%emt 0:00:17] Black used his chance. Excellently played by Rudzinska!   Weighted Error Value: White=0.54/Black=0.52} 0-1

[Event "European Women-ch 2023"]
[Site "Petrovac"]
[Date "2023.03.23"]
[Round "6.4"]
[White "Pavlidou, Ekaterini"]
[Black "Dylag, Emilia"]
[Result "0-1"]
[ECO "E52"]
[WhiteElo "2178"]
[BlackElo "2052"]
[Annotator "TA"]
[PlyCount "126"]
[EventDate "2023.03.15"]
[EventType "swiss"]
[EventCountry "MNE"]
[SourceTitle "playchess.com"]
[Source "ChessBase"]
[SourceQuality "1"]
[TimeControl "40/5400+30:1800+30"]

1. d4 Nf6 2. c4 e6 3. Nc3 Bb4 4. e3 O-O 5. Bd3 d5 6. Nf3 b6 7. cxd5 exd5 8. Bd2 a6 9. O-O Bb7 10. Ne5 {[%emt 0:02:23] E52: Nimzo-Indian: Rubinstein: 4...0-0 5 Nf3 d5 6 Bd3 b6.} Bd6 11. f4 c5 12. Be1 {[%emt 0:10:03] White is slightly better.} Nc6 13. Bh4 {[%emt 0:11:37] Strongly threatening Nxd5.} Be7 {[%emt 0:03:53][%cal Bd6e7,Be7f6,Bf6g7][%mdl 32] [#]} 14. Bxf6 $146 {[%emt 0:02:13][%mdl 64] Remove Defender} ({Predecessor:} 14. Qf3 cxd4 15. Nxc6 Bxc6 16. exd4 Ne4 17. Bxe7 Qxe7 18. Bxe4 dxe4 19. Qe3 f5 20. d5 {0-1 Yedidia,D (2001)-Shapiro,D (2284) Titled Tuesday intern op 07th Jun Late blitz 2022 (1)}) 14... Bxf6 15. Ne2 (15. Qh5 g6 16. Qd1 Bg7 $15) 15... c4 16. Bf5 g6 17. Bc2 Bg7 18. Qe1 b5 19. Qg3 Qe7 20. a3 Rfe8 (20... Nxe5 $15 21. fxe5 f6 22. exf6 Rxf6) 21. Rf3 $11 Nd8 22. h4 a5 {[%emt 0:12:36] [#]} ({Black should play} 22... f6 $14) 23. h5 $1 $18 Ra6 24. Qh3 (24. hxg6 $16 fxg6 25. Nc3) 24... Ne6 25. Rg3 {[%emt 0:06:27][%cal Rh5g6] next hxg6 is good for White.} Nf8 (25... Bc8 $1 $11 {keeps the balance.} 26. hxg6 fxg6) 26. hxg6 $1 $16 fxg6 27. Rf1 Bc8 28. Qh2 ({White should try} 28. f5 $1 $16) 28... Rd6 (28... b4 $11) 29. Nc3 {[%emt 0:03:24] Excellent horsemanship.} (29. f5 $1 $16 Bxe5 30. dxe5 Qxe5 31. fxg6 hxg6 32. Nf4 (32. Qh6 Qg7 $11)) 29... b4 $11 30. Na4 Rf6 31. Nc5 $132 {[%emt 0:01:14][%mdl 2048] White is not keeping still} Bf5 32. Bxf5 Rxf5 33. Rgf3 bxa3 (33... Ne6 $11 34. Nxe6 Qxe6) 34. bxa3 (34. g4 $5 Rf6 35. bxa3 $11) 34... Ne6 35. g4 Rxe5 36. fxe5 Nxc5 37. Rf7 {[%emt 0:01:58][%mdl 64] Deflection} Qe6 {[%emt 0:00:52] Hoping for ...Ne4.} (37... Qxf7 $2 38. Rxf7 Kxf7 39. dxc5 $18) 38. dxc5 d4 39. exd4 Qxg4+ 40. Kh1 Qe4+ {[%emt 0:00:00] [#]} (40... Qxd4 $11 41. e6 Qe4+ 42. Qg2 (42. R1f3 c3 $15) 42... Qxe6) 41. R1f3 $2 (41. R7f3 $1 $16 {aiming for Qf4.} Qxd4 42. Qf4) 41... Qxd4 42. e6 Qd1+ 43. Qg1 Qd5 44. Qb1 $2 (44. Qh2 Qxe6 45. Qd6 c3 $15) (44. c6 $11) 44... Qxe6 45. Qb7 {[%emt 0:01:42][%mdl 8192] Repels Qd5} (45. c6 $17) 45... Qe1+ 46. Kg2 Qd2+ $2 (46... Qe2+ $19 47. Kh3 (47. Kg3 $2 Be5+ 48. R7f4 Rf8 $19 {[%mdl 64] Pin}) 47... Be5) 47. Kh3 Qh6+ (47... Be5 {gets mated.} 48. Rg7+ (48. Rxh7 $2 {too greedy.} Qh2+ {[%mdl 64] Skewer} 49. Kg4 Qg2+ 50. Kh4 Bf6+ 51. Rxf6 Re4+ $19) 48... Bxg7 49. Qf7+ Kh8 50. Qxe8+) 48. Kg2 Qg5+ 49. Kf1 Qc1+ 50. Kg2 Qg5+ 51. Kf1 Qe5 {[%emt 0:00:48] ...Qe2+ is the strong threat.} 52. Rf2 {[%emt 0:00:21] Prevents Qe2+.} c3 {[%emt 0:00:40] The board is on fire.} 53. Qb3 $2 ({Much worse is} 53. Rxg7+ Qxg7 54. Qd5+ Kh8 $17) (53. Qd7 $1 $11 {and White is okay.} Qe1+ 54. Kg2 Qe4+ 55. R2f3 Qe2+ 56. Rf2 Qe4+ 57. R2f3) 53... Kh8 {[%emt 0:00:23] And now ...Qh5 would win.} (53... Qxc5 $2 54. Rf8#) 54. Qc4 {[%emt 0:00:58] [#] Black must now prevent Re2.} Rd8 $1 {[%emt 0:00:38] Threatens to win with ...Rd1+.} 55. Re2 $2 (55. R7f4 $19) 55... Rd1+ {[%emt 0:00:34] Black mates.} 56. Kf2 Qh2+ 57. Kf3 Qh3+ 58. Ke4 Qg4+ 59. Rf4 Qd7 60. c6 Rd4+ 61. Ke3 Qh3+ 62. Rf3 Qxf3+ 63. Kxf3 Rxc4 {[%emt 0:00:04] A wild game. A cool game by Dylag.   Weighted Error Value: White=0.41/Black=0.30} 0-1

[Event "European Women-ch 2023"]
[Site "Petrovac"]
[Date "2023.03.23"]
[Round "6.5"]
[White "Mkrtchian, Lilit"]
[Black "Danielian, Elina"]
[Result "1/2-1/2"]
[ECO "D79"]
[WhiteElo "2379"]
[BlackElo "2431"]
[Annotator "TA"]
[PlyCount "26"]
[EventDate "2023.03.15"]
[EventType "swiss"]
[EventCountry "MNE"]
[SourceTitle "playchess.com"]
[Source "ChessBase"]
[SourceQuality "1"]
[TimeControl "40/5400+30:1800+30"]

1. Nf3 d5 2. g3 Nf6 3. Bg2 g6 4. O-O Bg7 5. d4 O-O 6. c4 c6 7. cxd5 cxd5 8. Qb3 Nc6 9. Nc3 {[%emt 0:00:55] The position is equal.} Na5 {[%emt 0:00:51] [#] D79: Fianchetto Grünfeld: Symmetrical Variation (6 0-0 c6 7 cxd5 cxd5).} 10. Qa3 $146 ({Predecessor:} 10. Qb5 Bd7 11. Qd3 Rc8 12. Ne5 Bf5 13. Qd1 Nc4 14. h3 h5 15. Nxc4 Rxc4 16. Qb3 b6 17. e4 Rxc3 18. bxc3 Nxe4 19. Re1 Qd7 20. Bf4 {1-0 Kosteniuk,A (2521)-Shuvalova,P (2498) Chess.com Rapid Wk20 Swiss 2022 (4)}) 10... Nc4 {[%emt 0:00:45] Repels Ne5} 11. Qb3 Na5 12. Qa3 Nc4 {[%emt 0:00:36] Prevents Ne5.} 13. Qb3 Na5 {[%emt 0:00:06] An uneventful encounter.   Weighted Error Value: White=0.00 (flawless) /Black=0.00 (flawless)} 1/2-1/2

[Event "European Women-ch 2023"]
[Site "Petrovac"]
[Date "2023.03.23"]
[Round "6.5"]
[White "Olde, Margareth"]
[Black "Melia, Salome"]
[Result "0-1"]
[ECO "A61"]
[WhiteElo "2234"]
[BlackElo "2366"]
[Annotator "TA"]
[PlyCount "134"]
[EventDate "2023.03.15"]
[EventType "swiss"]
[EventCountry "MNE"]
[SourceTitle "playchess.com"]
[Source "ChessBase"]
[SourceQuality "1"]
[TimeControl "40/5400+30:1800+30"]

1. d4 Nf6 2. c4 e6 3. Nf3 c5 4. d5 d6 5. Nc3 exd5 6. cxd5 g6 7. Bf4 Bg7 8. h3 O-O 9. e3 Re8 10. Bd3 {[%emt 0:02:54] Inhibits Ne4. White is slightly better.} Na6 11. O-O $1 Nc7 12. Bc4 Ne4 13. Nxe4 Rxe4 14. Qc2 Re8 (14... b5 $5 15. Bd3 (15. Qxe4 Bf5 $17) 15... Re8 $15) 15. a4 $1 Bf5 16. Qb3 Rb8 17. Rfe1 Na6 (17... b6 $5 ) 18. Nd2 {[%emt 0:05:05] Hoping for e4.} Qf6 ({Better is} 18... Nb4 $14) 19. Bg3 (19. e4 $1 $16 Bd7 20. Qg3) 19... Qxb2 $11 20. Qxb2 Bxb2 21. Bxd6 (21. Bb5 $11) 21... Bxa1 22. Rxa1 Rbd8 23. Bg3 ({White should play} 23. Bf4) 23... Nb4 $17 24. d6 Bd3 25. a5 (25. Bb5 $17) 25... Bxc4 $19 26. Nxc4 f6 27. Rd1 Rd7 28. f3 Rc8 29. e4 Nc6 30. f4 (30. e5 $17 Nxe5 31. Bxe5 fxe5 32. Kf2 (32. Nxe5 Rdd8 $17)) 30... Nd4 (30... Kf7 $19 31. Kh2 Rb8) 31. Rd2 (31. e5 $17) 31... Re8 32. e5 g5 (32... fxe5 $19 {is more deadly.} 33. fxe5 Kf7) 33. fxg5 $17 fxe5 (33... fxg5 $15 34. Ne3 Rc8) 34. Bxe5 $11 Nc6 35. Rd5 b5 (35... Nb4 $5 36. Rxc5 Nd3 $15) 36. axb6 axb6 37. Nxb6 {[%emt 0:00:57][%mdl 8192] White is on the road to losing.} (37. Bg3 $11 {and White stays safe.}) 37... Nxe5 $19 (37... Rxe5 38. Nxd7 Rxd5 39. Nf6+ Kf7 40. Nxd5 $18) 38. Rxe5 $2 (38. Nxd7 Nxd7 39. Kf2) 38... Rxe5 39. Nxd7 Rxg5 $11 {[%emt 0:00:55][%mdl 4096] Endgame KR-KN} 40. h4 Rf5 {[%emt 0:00:00] Inhibits Nf6+. Strongly threatening ...c4.} (40... Rg6 41. Nxc5 Rxd6 42. Kf2 $17) 41. g4 Rf4 42. Nxc5 Rxg4+ {[%emt 0:00:18] Black mates.} 43. Kf2 Kf7 (43... Rxh4 44. d7 Rf4+ 45. Ke3 $11) 44. d7 {[%emt 0:01:00] [#]} Rd4 $1 ({Not} 44... Rxh4 45. d8=Q (45. d8=R h5 $11) 45... Rb4 46. Qd7+ Kf6 47. Qe6+ Kg7 48. Qd7+ Kf6 49. Qxh7) (44... Ke7 45. Ne6 Kxd7 46. Nf8+ Kc6 47. Nxh7 $15) 45. Ke3 {[%emt 0:00:46] [#]} Rd6 $1 ({Much less strong is} 45... Rxh4 46. d8=Q (46. d8=R h5 $11) 46... Rh5 47. Ne4 h6 48. Qf6+ Kg8 49. Qg6+ Kf8 50. Qxh5) 46. Kf4 Ke7 47. Ne4 Rxd7 48. Kg5 Rd5+ 49. Kg4 Kf7 50. Ng5+ Kg7 51. Ne4 Rd4 52. Kf4 Kg6 53. Kf3 Ra4 54. Nf2 Rxh4 55. Kg3 Ra4 56. Nh3 Rb4 57. Nf4+ Kg5 58. Nh3+ Kf5 59. Nf2 Rb3+ 60. Kh4 h6 61. Nh3 Ra3 62. Nf2 Kf4 63. Nh3+ Kf3 64. Ng1+ Kg2 65. Ne2 Ra4+ 66. Kh5 Rc4 67. Kxh6 Kf2 {[%emt 0:00:12] Weighted Error Value: White=0.41/Black=0.12 (very precise)} 0-1

[Event "European Women-ch 2023"]
[Site "Petrovac"]
[Date "2023.03.23"]
[Round "6.5"]
[White "Skvortsova, Alena"]
[Black "Lach, Aleksandra"]
[Result "0-1"]
[ECO "B12"]
[WhiteElo "2032"]
[BlackElo "2170"]
[Annotator "TA"]
[PlyCount "126"]
[EventDate "2023.03.15"]
[EventType "swiss"]
[EventCountry "MNE"]
[SourceTitle "playchess.com"]
[Source "ChessBase"]
[SourceQuality "1"]
[TimeControl "40/5400+30:1800+30"]

1. e4 c6 2. d4 d5 3. e5 Bf5 4. Nd2 e6 5. Nb3 a6 6. Nf3 {[%emt 0:03:44] B12: Caro-Kann: Advance Variation.} c5 {[%emt 0:05:32][%mdl 64] Decoy} 7. dxc5 Bxc5 8. Nxc5 {[%emt 0:00:29] White is slightly better.} Qa5+ 9. c3 Qxc5 10. Nd4 Ne7 {[%emt 0:18:56] [#] Black is weak on the dark squares} 11. h4 $146 {[%emt 0:22:55][%cal Bh2h4,Bh4h5][%mdl 32] g4 would be deadly.} ({Predecessor:} 11. Qa4+ Nbc6 12. Be3 Qa5 13. Qxa5 Nxa5 14. Nxf5 Nxf5 15. Bb6 Nc4 16. Bxc4 dxc4 17. a4 {1-0 So,W (2770)-Abdusattorov,N (2627) Chess.com Speed blitz 2020 (1.11)}) 11... h6 12. Be2 Nd7 13. Qa4 Qc8 14. Bf4 Be4 15. h5 Nc6 (15... Bxg2 16. Rg1 Be4 17. Rxg7 $16) 16. Rh3 b5 ({Resist} 16... Bxg2 17. Rg3 Be4 18. Rxg7 $14) (16... O-O $11) 17. Qa3 $14 Ncxe5 (17... Ndxe5 $11 18. Qc5 f6) 18. Rg3 (18. Re3 $1 $14) 18... g5 (18... Nc4 $1 $11 {keeps the balance.} 19. Bxc4 dxc4) 19. hxg6 $16 Nxg6 20. Bd6 {[%emt 0:01:19] Hoping for f3. A strong pair of Bishops.} e5 (20... Nde5 $16) 21. Nf3 $2 (21. f3 $1 $18 ) 21... Qc6 $15 22. Rd1 (22. Qb4 $11) 22... O-O-O (22... Rd8 $17) 23. Nd2 $11 Nf6 $36 {[%emt 0:01:47][%mdl 2048] Black fights for an advantage.} 24. Bc5 (24. Be7 $11) 24... Rhe8 $17 (24... Nf4 {looks sharper.} 25. Be7 Bxg2 26. Bxd8 Rxd8 27. b3 Nxe2 28. Kxe2 Nh5) 25. b4 $2 (25. Rc1 $17 {keeps fighting.}) 25... Bc2 26. Rc1 Ba4 27. Qb2 Nf4 28. Rg7 $2 (28. Be3) 28... Nxe2 29. Kxe2 Qe6 {[%emt 0:00:10] White must now prevent ...Nh5.} 30. Nf3 Nh5 31. Rg3 Nxg3+ 32. fxg3 Qg4 {[%emt 0:00:16][%cal Oe5e4] ...e4! is the strong threat.} 33. Kf2 Rg8 34. Kf1 Qxg3 ({Wrong is} 34... e4 $2 35. Nd4 $19) 35. Re1 $2 (35. Qf2) 35... e4 $19 36. Ng1 Rg6 37. Qd2 (37. Qf2 $142) 37... Rf6+ 38. Bf2 Rg8 39. Qd4 Qxg2+ 40. Ke2 Qg4+ 41. Kd2 Rc6 {[%emt 0:12:28] aiming for ...Qf5.} 42. Ne2 {[%emt 0:01:33] Strongly threatening Rg1.} Qg5+ 43. Be3 Qf6 44. Qa7 {[%emt 0:00:17] And now Qa8+ would win.} Rg2 $2 (44... Rg6 $19 {is more deadly. Threatens to win with ...Qe5.} 45. Nd4 Rd6) 45. Qa8+ $17 {[%emt 0:02:41] [#]} Kd7 $1 46. Qb7+ Ke8 (46... Rc7 $17 47. Qxd5+ Ke8 48. Qa8+ Kd7 49. Qd5+ Ke8 50. Qa8+ Kd7 51. Qd5+) 47. Qa8+ $11 Ke7 48. Qb7+ $1 Kd8 ({Reject} 48... Kf8 $6 49. Qb8+ Ke7 50. Qb7+ Kd8 51. Qb8+ Kd7 52. Qb7+ Rc7 53. Qxd5+ Ke7 54. Qxe4+ Qe6 55. Bc5+ Rxc5 56. Qxe6+ Kxe6 57. bxc5 $17) 49. Qa8+ $2 {[%emt 0:03:50][%mdl 8192] [#] White is now going downhill.} (49. Qb8+ $1 $11 Kd7 50. Qb7+ Ke8 51. Qa8+ Ke7 52. Qb7+ Kd8 53. Qb8+ Ke7 54. Qb7+) 49... Rc8 $1 $19 50. Qxd5+ Ke8 51. Qxe4+ Qe6 52. Qxg2 (52. Qxe6+ $19 fxe6 53. Bd4) 52... Qxa2+ {[%emt 0:00:06] Black mates.} 53. Kd3 Bc2+ 54. Kd4 Qe6 55. Qg8+ Kd7 56. Qxc8+ Kxc8 57. Bf4 Qe4+ 58. Kc5 Kb7 59. Bg3 Qc4+ 60. Kd6 Qe6+ 61. Kc5 Qe3+ 62. Nd4 Qxc3+ 63. Kd5 Bb3+ {[%emt 0:00:26] An interesting game.   Weighted Error Value: White=0.76/Black=0.68} 0-1